 Dungeon Crawl Stone Soup version 0.31-a0-986-g5e6e4ef867 (webtiles) character file.

Game seed: 16481134095527538599

298 wildpjah the Slasher (level 6, -2/36 HPs)
             Began as a Tengu Gladiator on Nov 21, 2023.
             Was a Follower of Okawaru.
             Slain by an orc
             ... wielding a +0 flail
              (7 damage)
             ... on level 5 of the Dungeon.
             The game lasted 00:05:26 (3074 turns).

wildpjah the Slasher (Tengu Gladiator)              Turns: 3074, Time: 00:05:26

Health: -2/36      AC:  9    Str: 21    XL:     6   Next: 36%
Magic:  7/7        EV: 10    Int: 14    God:    Okawaru [*.....]
Gold:   241        SH:  0    Dex: 17    Spells: 5/5 levels left

rFire   + . .        t - +0 falchion (elec)
rCold   . . .        (no shield)
rNeg    + . .        f - +0 chain mail
rPois   .            c - +0 hat
rElec   .            (no cloak)
rCorr   .            (no gloves)
SInv    .            (boots unavailable)
Will    .....        b - amulet of faith
Stlth   x              - +6 ring of strength
HPRegen 0.26/turn    v - ring of Wol Gari {rF+ rN+ Int+6}
MPRegen 0.10/turn

%: acrobat, faith
@: no status effects
A: beak, talons 3, acrobatic
a: Renounce Religion, Heroism


You were on level 5 of the Dungeon.
You worshipped Okawaru.
Okawaru was aware of your devotion.
You visited 2 branches of the dungeon, and saw 6 of its levels.

You collected 241 gold pieces.

Inventory:

Hand Weapons
 a - a +0 long sword
 i - a +2 dagger of venom
 t - a +0 falchion of electrocution (weapon)
Missiles
 d - 3 throwing nets (quivered)
 e - a javelin
Armour
 c - a +0 hat (worn)
 f - a +0 chain mail (worn)
Jewellery
 b - an amulet of faith (around neck)
 s - an amulet of regeneration
 v - the ring of Wol Gari (right hand) {rF+ rN+ Int+6}
   (You took it off a kobold on level 4 of the Dungeon)

   [ring of intelligence]

   Int+6:     It affects your intelligence (+6).
   rF+:       It protects you from fire.
   rN+:       It protects you from negative energy.
 x - a +6 ring of strength (left hand)
Wands
 n - a wand of digging (5)
Scrolls
 g - a scroll of amnesia {unknown}
 h - 2 scrolls of vulnerability {unknown}
 m - 2 scrolls of blinking {unknown}
 p - 4 scrolls of identify {unknown}
 q - a scroll of fog {unknown}
Potions
 j - a potion of brilliance {unknown}
 k - a potion of resistance {unknown}
 l - a potion of magic {unknown}
 o - a potion of heal wounds {unknown}
 r - a potion of degeneration {unknown}
 u - 2 potions of curing {unknown}
 w - a potion of lignification {unknown}
 z - 2 potions of mutation {unknown}
 A - a potion of might {unknown}


   Skills:
 + Level 2.6 Fighting
 + Level 1.9(3.8) Short Blades
 + Level 5.2(5.4) Long Blades
 + Level 2.2 Throwing
 * Level 3.2 Armour
 * Level 4.0 Dodging
 + Level 0.6 Stealth


You had 5 spell levels left.
You didn't know any spells.
Your spell library contained the following spells:

 Spells                   Type           Power      Damage    Failure   Level
 Sting                    Tmut/Pois      0%         1d3       90%         1
 Frozen Ramparts          Ice            0%         1d1       99%         3
 Petrify                  Tmut/Erth      0%         N/A       100%        4
 Borgnjor's Vile Clutch   Necr/Erth      0%         N/A       100%        5
 Metabolic Englaciation   Hex/Ice        0%         N/A       100%        5
 Animate Dead             Necr           Unusable   N/A       N/A         4
 Death Channel            Necr           Unusable   N/A       N/A         6

Dungeon Overview and Level Annotations

Branches:
Dungeon (5/15)             Temple (1/1) D:4

Altars:
Ashenzari
Cheibriados
Dithmenos
Fedhas
Gozag
Hepliaklqana
Makhleb
Nemelex Xobeh
Okawaru
Qazlal
Ru
Sif Muna
Trog
Uskayaw
Vehumet
Wu Jian
Yredelemnul
Zin
The Shining One

Shops:
D:4 *   D:5 :

Annotations:
D:4 1 runed translucent door, Beryl's ghost, amateur TrSh


Innate Abilities, Weirdness & Mutations

You have a beak for a mouth.
You have claws for feet.
You can magically evade attacks while moving or waiting.


Message History

The orc completely misses you.
An orc is nearby!
You hit the orc. You claw the orc.
The orc is almost dead.
The orc hits you but does no damage.
You slash the orc!
You kill the orc!
Okawaru accepts your kill.
No target in view!
Things that are here:
a +0 short sword; a +0 leather armour An orc comes into view.
It is wielding a +0 whip.
An orc and an orc priest come into view.
The orc priest shouts!
The orc priest looks satisfied for a moment.
An orc comes into view. It is wielding a +0 flail.
The orc completely misses you.
The orc priest calls down the wrath of Beogh upon you.
Pain shoots through your body!
You closely miss the orc. Your kick misses the orc.
The orc completely misses you.
An orc comes into view. It is wielding a +0 mace.
The orc hits you with a +0 whip.
The orc shouts!
You hit the orc.
The orc is severely wounded.
The orc hits you with a +0 whip.
An orc wizard comes into view. It is wielding a +0 dagger.
The orc hits you with a +0 hand axe.
The orc wizard shouts!
You hit the orc but do no damage. Lightning courses through the orc!
You kill the orc!
Okawaru accepts your kill.
The orc priest mumbles some strange prayers to Beogh against you.
Beogh smites you!
* * * LOW HITPOINT WARNING * * *
The orc hits you with a +0 whip.
* * * LOW HITPOINT WARNING * * *
The orc hits you with a +0 flail!
You die...

#...# # .... .### #...##
#...# .. #....##....#
...## #..........#
....#.##..#........
......###.)o....o. ##.
#......@o...o.. #
...#.......o...... ##.
#.##............. #...
#...)...........
....###..#...........
.....##..##..........
....................#...
...........>...#....#...
........>..##..###...


You could see an orc priest, an orc wizard and 3 orcs.

Vanquished Creatures
  An ice beast (D:5)
  A hound (D:5)
  A jelly (D:4)
  An iguana (D:4)
  5 adders
  A worm (D:3)
  3 dart slugs
  2 orcs (D:5)
  8 ball pythons
  3 bats
  9 endoplasms
  2 giant cockroaches (D:2)
  4 goblins
  5 hobgoblins
  11 jackals
  3 quokkas
  10 kobolds
  A rat (D:2)
71 creatures vanquished.

Notes
Turn   | Place    | Note
-------+----------+-------------------------------------------
     0 | D:1      | wildpjah the Tengu Gladiator began the quest for the Orb.
     0 | D:1      | Reached XP level 1. HP: 12/12 MP: 2/2
   279 | D:1      | Reached XP level 2. HP: 17/17 MP: 3/3
   715 | D:2      | Identified the of Bossey
   853 | D:2      | Reached skill level 4 in Long Blades
   853 | D:2      | Reached XP level 3. HP: 13/21 MP: 4/4
   968 | D:2      | Found a faded altar of an unknown god.
  1071 | D:2      | Reached skill level 1 in Armour
  1479 | D:3      | Found a glowing silver altar of Zin.
  1678 | D:3      | Found a burning altar of Makhleb.
  1725 | D:3      | Reached XP level 4. HP: 26/26 MP: 5/5
  2075 | D:3      | Found a broken altar of Ashenzari.
  2076 | D:3      | Found a hazy altar of Hepliaklqana.
  2302 | D:4      | Found a staircase to the Ecumenical Temple.
  2311 | Temple   | Entered the Ecumenical Temple
  2322 | Temple   | Became a worshipper of Warmaster Okawaru
  2344 | D:4      | Reached skill level 1 in Short Blades
  2346 | D:4      | Reached XP level 5. HP: 23/31 MP: 6/6
  2382 | D:4      | Found Pobius's Gadget Gallery.
  2628 | D:4      | Found a runed translucent door.
  2628 | D:4      | Noticed Beryl's ghost (amateur TrSh)
  2635 | D:4      | Found an opulent altar of Gozag.
  2635 | D:4      | Identified the ring of Wol Gari {rF+ rN+ Int+6}
  2683 | D:4      | Found an opulent altar of Gozag.
  2683 | D:4      | Found an opulent altar of Gozag.
  2690 | D:4      | Found an opulent altar of Gozag.
  2814 | D:5      | Entered Level 5 of the Dungeon
  2965 | D:5      | Found Bounommu's Book Shoppe.
  2976 | D:5      | Noticed an ice beast
  2984 | D:5      | Killed an ice beast
  2984 | D:5      | Reached * piety under Okawaru
  2985 | D:5      | Reached skill level 5 in Long Blades
  2985 | D:5      | Reached XP level 6. HP: 28/36 MP: 7/7
  3074 | D:5      | Slain by an orc

Illustrated notes

Levels and vault maps discovered:
D:1:      dpeg_arrival_renting, layout_basic
D:2:      layout_basic, serial_corexii_hall, corexii_hall_statues_l,
          chequers_hall_statues_corner_a, shapermc_ecumenical_altar_rom_forum
D:3:      layout_basic, mainiacjoe_overflow_boulevard, zin_treasury,
          gammafunk_temple_overflow_wave
D:4:      layout_basic, nicolae_gozag_conspicuous_consumption,
          minmay_temple_entry_arrows, gammafunk_ghost_grave,
          nicolae_shop_gadgets
D:5:      layout_cave_pools, serial_gnoll_camp, gnoll_camp_mini_doghouse,
          gnoll_camp_medium_01, gnoll_camp_mini_hut, gnoll_camp_mini_doghouse,
          gnoll_camp_huts_basic, serial_shops, kennysheep_mini
Temple:   eino_temple_water

Skill      XL: |  1  2  3  4  5  6 |
---------------+-------------------+-----
Long Blades    | 4 5 |  5.2
Armour         | 1 2 3 |  3.2
Short Blades   | 1 |  1.9
Dodging        | 4 |  4.0
Fighting       | |  2.6
Throwing       | |  2.2
Stealth        | |  0.6

Action                     |  1- 3 |  4- 6 || total
---------------------------+-------+-------++-------
  Melee: Long sword        |    11 |       ||    11
         Kick              |    11 |    17 ||    28
         Dagger            |    50 |    19 ||    69
         Peck              |     5 |    10 ||    15
         Punch             |     1 |       ||     1
         Falchion          |       |    69 ||    69
 Armour: Chain mail        |    32 |    79 ||   111
  Dodge: Dodged            |    32 |    42 ||    74

Table legend: (Time is in decaauts)
 A = Elapsed time spent in this place.
 B = Non-inter-level travel time spent in this place.
 C = Inter-level travel time spent in this place.
 D = Time resting spent in this place.
 E = Time spent auto-exploring this place.
 F = Levels seen in this place.
 G = Mean time per level.
                   A        B        C        D        E       F      G
               +--------+--------+--------+--------+--------+-----+--------+
         Total |   3070 |   2942 |    128 |      0 |   2529 |   6 |  511.7 |
       Dungeon |   3047 |   2939 |    108 |      0 |   2529 |   5 |  609.4 |
        Temple |     22 |      2 |     20 |      0 |      0 |   1 |   22.0 |
               +--------+--------+--------+--------+--------+-----+--------+

Top non-repeatable levels by time:
     D:3: 865 daAuts
     D:1: 716 daAuts
     D:2: 650 daAuts
     D:4: 582 daAuts
     D:5: 232 daAuts
  Temple: 22 daAuts
